 Dungeon Crawl Stone Soup version 0.22.0-75-g3901e79 (webtiles) character file.

31843 CaptainBugsquash the Spear-Bearer (level 13, -20/90 HPs)
             Began as an Octopode Fighter on Sept 15, 2018.
             Was a High Priest of Cheibriados.
             Demolished by a death yak (25 damage)
             ... led by a torpor snail
             ... on level 6 of the Lair of Beasts.
             The game lasted 01:24:32 (25643 turns).

CaptainBugsquash the Spear-Bearer (OpFi)           Turns: 25643, Time: 01:24:34

Health: -20/90     AC:  3    Str: 35    XL:     13   Next: 60%
Magic:  23/28      EV: 19    Int: 23    God:    Cheibriados [*****.]
Gold:   957        SH: 15    Dex: 24    Spells: 16/21 levels left

rFire    + . .     SeeInvis .   a - +0 trident
rCold    . . .     Gourm    .   T - +0 shield
rNeg     . . .     Faith    .   c - +2 hat
rPois    .         Spirit   .   P - amulet of the acrobat
rElec    .         Reflect  .   f - ring of stealth
rCorr    +         Harm     .   q - ring of magical power
MR       .....                  u - ring of flight
Stlth    +++++.....             z - ring of resist corrosion
HPRegen  0.25/turn              K - +5 ring of strength
MPRegen  0.21/turn              H - +2 ring of evasion
                                I - ring of protection from fire
                                (no ring)

@: very slow
A: almost no armour, stealthy swim, amphibious, 8 rings, constrict 8, camouflage
1, agile 1, mutation resistance 1, gelatinous body 1
a: Bend Time, Temporal Distortion, Slouch, Step From Time, Renounce Religion,
Evoke Flight


You were on level 6 of the Lair of Beasts.
You worshipped Cheibriados.
Cheibriados was extremely pleased with you.
You were hungry.

You visited 3 branches of the dungeon, and saw 17 of its levels.
You also visited: Ossuary.

You collected 957 gold pieces.

Inventory:

Hand Weapons
 a - a +0 trident (weapon)
 b - a +0 blowgun
 U - a +2 spear of venom
Missiles
 j - 9 tomahawks (quivered)
 t - 99 poisoned needles
 w - 8 curare-tipped needles
 J - 8 throwing nets
Armour
 c - a +2 hat (worn)
 T - a +0 shield (worn)
Jewellery
 f - a ring of stealth (left tentacle)
 q - a ring of magical power (right tentacle)
 u - a ring of flight (on tentacle)
 z - a ring of resist corrosion (on tentacle)
 H - a +2 ring of evasion (on tentacle)
 I - a ring of protection from fire (on tentacle)
 K - a +5 ring of strength (on tentacle)
 P - an amulet of the acrobat (around mantle)
Wands
 C - a wand of enslavement (4)
 D - a wand of acid (18)
 E - a wand of polymorph (31)
 F - a wand of scattershot (9)
 Q - a wand of iceblast (3)
 R - a wand of flame (64)
Scrolls
 e - a scroll of blinking {unknown}
 g - 4 scrolls of enchant armour
 k - 4 scrolls of magic mapping
 m - a scroll of identify
 n - a scroll of fear {unknown}
 o - a scroll of noise {unknown}
 p - 4 scrolls of teleportation
 s - a scroll of fog {unknown}
 v - 4 scrolls of remove curse
 y - a scroll of enchant weapon
 A - 3 scrolls of amnesia
 L - 3 scrolls of immolation
Potions
 h - a potion of agility
 i - a potion of cancellation
 l - 5 potions of curing
 r - 4 potions of flight
 x - 2 potions of heal wounds
 G - a potion of brilliance
 N - 3 potions of haste
 O - a potion of ambrosia
 S - a potion of berserk rage {unknown}
 W - a potion of might
Miscellaneous
 B - a lamp of fire (inert)
Comestibles
 d - 26 rations
 M - 4 chunks of flesh


   Skills:
 + Level 8.8 Fighting
 - Level 12.0 Polearms
 - Level 0.1 Throwing
 + Level 5.8 Dodging
 - Level 4.0 Stealth
 - Level 10.2 Shields
 - Level 4.6 Spellcasting
 * Level 4.2 Conjurations
 - Level 5.0 Transmutations
 - Level 5.1 Earth Magic
 * Level 7.8 Invocations
 - Level 7.0 Evocations


You had 16 spell levels left.
You knew the following spells:

 Your Spells              Type           Power        Failure   Level  Hunger
a - Passwall              Tmut/Erth      ####....     3%          2    None
b - Stone Arrow           Conj/Erth      ####..       8%          3    ##.....

Your spell library contained the following spells:

 Spells                   Type           Power        Failure   Level  Hunger
 Sandblast                Erth           ####..       2%          1    None
 Shock                    Conj/Air       ###.         8%          1    None
 Sting                    Conj/Pois      ###.         8%          1    None
 Infusion                 Chrm           #...         19%         1    None
 Static Discharge         Conj/Air       ###.....     22%         3    ##.....
 Petrify                  Tmut/Erth      ####....     22%         4    ####...
 Shroud of Golubria       Chrm/Tloc      #.........   28%         2    None
 Song of Slaying          Chrm           #.......     28%         2    None
 Swiftness                Chrm/Air       #.......     28%         2    None
 Ignite Poison            Fire/Tmut/Pois ##......     28%         3    ##.....
 Portal Projectile        Hex/Tloc       #.....       50%         3    ##.....
 Regeneration             Chrm/Necr      #.........   50%         3    ##.....
 Spectral Weapon          Hex/Chrm       #.......     50%         3    ##.....
 Lee's Rapid Deconstruct  Erth           ####......   52%         5    #####..
 Ice Form                 Ice/Tmut       ###.....     54%         4    ####...
 Fulminant Prism          Conj/Hex       ###.......   58%         4    ####...
 Airstrike                Air            #.........   88%         4    ####...
 Cause Fear               Hex            #.........   88%         4    ####...
 Lightning Bolt           Conj/Air       ###.......   91%         5    #####..
 Venom Bolt               Conj/Pois      ###.......   91%         5    #####..
 Invisibility             Hex            #.......     100%        6    #######


Dungeon Overview and Level Annotations

Branches:
Dungeon (10/15)            Temple (1/1) D:5            Lair (6/6) D:8
 Shoals (0/4) Lair:2       Spider (0/4) Lair:2
  Slime: Lair:5-6       Orc: D:9-12

Altars:
Cheibriados
Elyvilon
Hepliaklqana
Kikubaaqudgha
Makhleb
Qazlal
Trog
Uskayaw
Yredelemnul
Zin

Annotations:
Lair:1 exclusion: downstairs
Lair:3 exclusions: downstairs and 3 oklob plants
Lair:4 Urug
Lair:6 exclusions: death yak and 1 more exclusion


Innate Abilities, Weirdness & Mutations

You cannot wear most types of armour.
You are very stealthy in the water. (Stealth+)
You are amphibious.
You can wear up to eight rings at the same time.
You can use your tentacles to constrict eight enemies at once.
Your skin changes colour to match your surroundings (Stealth+).
Your rubbery body absorbs attacks. (AC +1, EV +1)
You are agile. (Dex +2)
You are somewhat resistant to further mutation.


Message History

A rock wall.
This rock feels extremely deep.
The yak gores you. The death yak misses you.
Casting: Passwall (safe; 3% risk of failure)
Confirm with . or Enter, or press ? or * to list all spells.
Aiming: Passwall (safe; 3% risk of failure)
Press: ? - help, Dir - move target cursor A rock wall.
The death yak bellows!
You block the yak's attack. The death yak gores you!
* * * LOW HITPOINT WARNING * * *
The death yak completely misses you.
You begin to meditate on the wall.
You continue meditating on the rock.
You block the yak's attack. The death yak gores you!
* * * LOW HITPOINT WARNING * * *
The death yak misses you.
You continue meditating on the rock.
You block the yak's attack. You block the death yak's attack. x2
You continue meditating on the rock.
You block the yak's attack. The death yak gores you!!
You die...

...%.......♣ ♣.............
...........♣# ♣.............
............♣♣♣.......##..P.P
..####.............#..#....P.
#P#........P...##..####..#
.#.#.P.........#.#....P#...+#
...........YY...###.........
...P......YYYY...##......#..#
..!.#..$####@#...# ..#####
..#.#...# ####### .# ##.
##..# #.##..#........ ..#
.........Y..... ....... ..
...........Y.<... ..........
. .........YY......
.............
#...P...Y....... ............
#.#..P....#.P# .P.....##...


You could see 3 death yaks and 3 yaks.

Vanquished Creatures
  Gastronok (D:8)
  2 hydras
  3 death yaks (Lair:6)
  A catoblepas (Lair:6)
  An oklob plant (Lair:2)
  A manticore (Lair:2)
  9 elephants (Lair:6)
  2 black mambas
  13 spiny frogs
  2 torpor snails
  3 rime drakes (Lair:6)
  6 komodo dragons
  A troll (D:10)
  4 polar bears
  A jumping spider (Lair:2)
  Grinder (D:6)
  Prince Ribbit (D:6)
  7 blink frogs
  4 dream sheep (Lair:4)
  8 hippogriffs
  A wyvern (D:10)
  A redback (Lair:2)
  11 yaks
  Sigmund (D:4)
  A spriggan (D:10)
  A basilisk (Lair:3)
  Eustachio (D:6)
  Edmund (D:5)
  6 water moccasins
  An ice beast (D:10)
  11 porcupines
  2 orc warriors
  2 black bears
  A sky beast (D:8)
  2 ogres
  21 wolves
  A phantom (D:10)
  2 centaurs
  10 crocodiles
  A big kobold (D:9)
  8 bullfrogs
  A gnoll sergeant (D:10)
  A wyvern skeleton (D:7)
  3 scorpions
  4 killer bees (D:7)
  3 howler monkeys (D:10)
  2 wights (D:10)
  3 crimson imps
  3 centaur zombies
  2 hounds
  3 jellies
  12 orc wizards
  3 orc priests (D:7)
  5 iguanas
  6 worker ants
  2 killer bee zombies
  5 big kobold zombies (Ossuary)
  6 mummies (Ossuary)
  3 gnolls (D:10)
  11 adders
  2 shadow imps
  An ooze (D:1)
  5 adder skeletons
  3 worms
  4 dart slugs
  A leopard gecko (D:6)
  36 orcs
  5 giant cockroaches
  4 goblins
  9 hobgoblins
  18 jackals
  2 quokkas
  4 ball pythons
  A ball python skeleton (D:6)
  3 bats
  7 frilled lizards
  A goblin zombie (D:8)
  3 hobgoblin zombies (Ossuary)
  A jackal zombie (D:5)
  13 kobolds
  A leopard gecko skeleton (D:4)
  A leopard gecko zombie (D:6)
  9 rats
  A fungus (Lair:3)
  3 plants
373 creatures vanquished.

Vanquished Creatures (collateral kills)
  A water moccasin (Lair:4)
1 creature vanquished.

Vanquished Creatures (others)
  36 fungi
  33 plants
69 creatures vanquished.

Grand Total: 443 creatures vanquished

Notes
Turn   | Place    | Note
-------+----------+-------------------------------------------
     0 | D:1      | CaptainBugsquash the Octopode Fighter began the quest for
                  | the Orb.
     0 | D:1      | Reached XP level 1. HP: 16/16 MP: 1/1
    24 | D:1      | Reached skill level 1 in Stealth
   247 | D:1      | Reached XP level 2. HP: 21/21 MP: 2/2
   482 | D:1      | Reached XP level 3. HP: 20/26 MP: 3/3
  1581 | D:2      | Reached skill level 3 in Polearms
  1685 | D:2      | Reached XP level 4. HP: 31/31 MP: 4/4
  2918 | D:4      | Noticed an ogre
  2926 | D:4      | Killed an ogre
  2926 | D:4      | Reached skill level 4 in Polearms
  2926 | D:4      | Reached XP level 5. HP: 16/36 MP: 5/5
  3212 | D:4      | Reached skill level 5 in Polearms
  3212 | D:4      | Reached XP level 6. HP: 42/42 MP: 6/6
  3371 | D:4      | Found a basalt altar of Yredelemnul.
  3752 | D:4      | Noticed Sigmund
  3760 | D:4      | Killed Sigmund
  3760 | D:4      | Reached skill level 6 in Polearms
  3961 | D:5      | Entered Level 5 of the Dungeon
  4025 | D:5      | Noticed a phantom
  4262 | D:5      | Reached XP level 7. HP: 37/46 MP: 7/7
  4749 | D:5      | Reached skill level 7 in Polearms
  4959 | D:5      | Noticed Edmund
  4970 | D:5      | Killed Edmund
  5670 | D:5      | Found a white marble altar of Elyvilon.
  5670 | D:5      | Found a bloodstained altar of Trog.
  6162 | D:6      | Reached XP level 8. HP: 52/52 MP: 8/8
  6233 | D:6      | Noticed Eustachio
  6248 | D:6      | Killed Eustachio
  6248 | D:6      | Reached skill level 8 in Polearms
  6248 | D:6      | Reached skill level 5 in Shields
  6254 | D:6      | Found an ancient bone altar of Kikubaaqudgha.
  6301 | D:6      | Noticed Grinder
  6312 | D:6      | Killed Grinder
  6389 | D:6      | Reached skill level 9 in Polearms
  7130 | D:6      | Noticed Prince Ribbit
  7143 | D:6      | Killed Prince Ribbit
  7143 | D:6      | Reached skill level 1 in Evocations
  7333 | D:7      | Reached XP level 9. HP: 19/56 MP: 10/10
  7924 | D:7      | Found a hazy altar of Hepliaklqana.
  8176 | D:7      | Identified the Collected Works on Enchantment
  8293 | D:7      | Reached skill level 10 in Polearms
  9097 | D:8      | Noticed Gastronok
  9113 | D:8      | Killed Gastronok
  9113 | D:8      | Reached skill level 11 in Polearms
  9113 | D:8      | Reached XP level 10. HP: 23/63 MP: 13/13
  9203 | D:8      | Found a hazy altar of Hepliaklqana.
  9205 | D:8      | Found a staircase to the Lair.
  9271 | D:8      | Found a sand-covered staircase.
  9279 | Ossuary  | Entered an ossuary
  9877 | D:8      | Reached skill level 12 in Polearms
  9877 | D:8      | Reached skill level 5 in Evocations
 11915 | D:10     | Entered Level 10 of the Dungeon
 12358 | D:10     | Gained mutation: You expend magic power (3 MP) to
                  | strengthen your wands. [potion of mutation]
 12358 | D:10     | Gained mutation: You are agile. (Dex +2) [potion of
                  | mutation]
 12359 | D:10     | Lost mutation: You are agile. (Dex +2) [potion of mutation]
 12359 | D:10     | Lost mutation: You expend magic power (3 MP) to strengthen
                  | your wands. [potion of mutation]
 12359 | D:10     | Gained mutation: You are agile. (Dex +2) [potion of
                  | mutation]
 12359 | D:10     | Gained mutation: You are somewhat resistant to further
                  | mutation. [potion of mutation]
 13571 | D:10     | Reached XP level 11. HP: 55/67 MP: 15/15
 13931 | D:10     | Reached skill level 10 in Shields
 14585 | D:5      | Found a staircase to the Ecumenical Temple.
 14594 | Temple   | Entered the Ecumenical Temple
 14619 | Temple   | Became a worshipper of Cheibriados the Contemplative
 14623 | Temple   | Learned a level 2 spell: Passwall
 14823 | Lair:1   | Entered Level 1 of the Lair of Beasts
 15005 | D:8      | Reached skill level 1 in Transmutations
 15005 | D:8      | Reached skill level 1 in Earth Magic
 15005 | D:8      | Reached skill level 1 in Invocations
 15011 | D:8      | Reached skill level 1 in Spellcasting
 16085 | Lair:1   | Reached * piety under Cheibriados
 16791 | Lair:2   | Noticed a seven-headed hydra
 16973 | Lair:2   | Found a hole to the Spider Nest.
 18237 | Lair:2   | Reached ** piety under Cheibriados
 18254 | Lair:2   | Reached XP level 12. HP: 29/74 MP: 17/17
 19141 | Lair:2   | Found a staircase to the Shoals.
 20989 | Lair:3   | Reached skill level 5 in Invocations
 20999 | Lair:3   | Reached skill level 5 in Fighting
 21057 | Lair:4   | Noticed Urug
 21293 | Lair:4   | Reached *** piety under Cheibriados
 21554 | Lair:4   | Reached skill level 5 in Transmutations
 21748 | Lair:4   | Killed a seven-headed hydra
 21748 | Lair:4   | Reached skill level 5 in Earth Magic
 22716 | Lair:5   | Learned a level 3 spell: Stone Arrow
 22811 | Lair:5   | Identified Dinix's Handbook of Freezing Contamination
 22831 | Lair:5   | Noticed a six-headed hydra
 22898 | Lair:5   | Reached skill level 1 in Conjurations
 23165 | Lair:5   | Noticed a six-headed hydra
 23168 | Lair:6   | Entered Level 6 of the Lair of Beasts
 23184 | Lair:6   | Noticed a four-headed hydra
 23487 | Lair:6   | Reached **** piety under Cheibriados
 23497 | Lair:6   | Reached XP level 13. HP: 17/85 MP: 19/19
 24875 | Lair:6   | Reached ***** piety under Cheibriados
 25016 | Lair:6   | Reached skill level 5 in Dodging
 25643 | Lair:6   | Demolished by a death yak

Skill      XL: |  1  2  3  4  5  6  7  8  9 10 11 12 13 |
---------------+----------------------------------------+-----
Stealth        | 1 2 4 |  4.0
Polearms       | 3 4 5 6 7 9 11 12 | 12.0
Shields        | 4 5 7 9 10 | 10.2
Evocations     | 1 4 6 7 |  7.0
Transmutations | 3 5 |  5.0
Earth Magic    | 3 5 |  5.1
Invocations    | 4 6 7 |  7.8
Spellcasting   | 3 4 |  4.6
Fighting       | 4 6 8 |  8.8
Conjurations   | 2 4 |  4.2
Dodging        | 4 5 |  5.8
Throwing       | |  0.1

Action                   |  1- 3 |  4- 6 |  7- 9 | 10-12 | 13-15 || total
-------------------------+-------+-------+-------+-------+-------++-------
Melee: Trident           |    84 |   104 |   288 |   278 |    71 ||   825
       Tentacles         |    18 |    17 |    65 |   269 |    86 ||   455
       Constrict         |    18 |    16 |    50 |    95 |     8 ||   187
       Spear             |       |       |       |   541 |   105 ||   646
 Fire: Blowgun           |       |       |       |       |     3 ||     3
Throw: Throwing net      |       |       |       |     5 |       ||     5
       Tomahawk          |       |       |       |     5 |     6 ||    11
 Cast: Stone Arrow       |       |       |       |       |     5 ||     5
       Passwall          |       |       |       |       |     3 ||     3
Evoke: Wand              |       |       |       |     5 |     5 ||    10
       Lamp of fire      |       |       |       |     1 |     1 ||     2
  Use: Potion            |       |     1 |     2 |     6 |     1 ||    10
       Scroll            |       |       |     4 |    23 |     1 ||    28
 Stab: Sleeping          |    10 |    14 |    13 |    21 |     1 ||    59
       Held in net/web   |       |       |       |    14 |       ||    14
       Distracted        |       |       |       |     3 |     1 ||     4
       Petrified         |       |       |       |       |     6 ||     6
  Eat: Chunk             |     2 |     8 |    12 |    29 |     3 ||    54
       Ration            |       |       |     1 |     1 |       ||     2
Armor: Skin              |     2 |     4 |     7 |    23 |     5 ||    41
Dodge: Dodged            |    30 |    39 |    67 |   196 |    59 ||   391
Block: Shield            |    20 |    28 |   108 |   271 |    80 ||   507
